AoeStats
← Pippin le bref

African Clearing

505844369Analyzed
4v4 RM · 19d ago on Sep 11, 2026· 55m 26s· 8 players
Game mode
Random Map
Map size
Large (8 player)
Population
200
Speed
Normal
Resources
Standard
Victory
Conquest
Starting age
Dark Age
Ending age
Imperial Age
RankedLock teamsTeams togetherTeam positionsShared explorationLock speedFull tech treeHidden civsTurbo modeCheats
Victory
Defeat
🇨🇦 Bohemians · Canada
1056
+16
🇨🇳 Poles · China
1051
+16
🇨🇳 Spanish · China
1026
+17
🇫🇷 Jurchens · France
981
+19
🇨🇳 Burgundians · China
1118
-19
🇯🇵 Koreans · Japan
1115
-19
1021
-16
🇨🇳 Spanish · China
965
-14
DropDongHitBong420
13:24 Loom
17:21 Feudal Age
21:36 Castle Age
24:01 Double-Bit Axe
24:27 Fletching
26:33 Bodkin Arrow
37:23 Wagenburg Tactics
45:31 Bow Saw
49:06 Horse Collar
Pippin le bref
4:20 Loom
14:07 Feudal Age
21:25 Castle Age
20:21 Double-Bit Axe
20:48 Fletching
31:18 Horse Collar
38:15 Husbandry
39:09 Bloodlines
41:24 Bow Saw
42:15 Heavy Plow
43:00 Scale Barding Armor
44:17 Chain Barding Armor
44:36 Town Watch
45:27 Wheelbarrow
45:30 Forging
48:46 Imperial Age
47:16 Iron Casting
47:48 Masonry
47:51 Fortified Wall
49:01 Hand Cart
48:47 Town Patrol
48:54 Fortified Bastions
49:49 Conscription
49:10 Elite Iron Pagoda
51:16 Plate Barding Armor
51:46 Two-Man Saw
51:06 Bodkin Arrow
52:14 Blast Furnace
51:18 Elite Steppe Lancer
52:04 Bodkin Arrow
53:37 Chemistry
52:13 Light Cavalry
53:34 Crop Rotation
53:49 Hussar
55:11 Ballistics
54:57 Siege Engineers
卢本伟
4:06 Loom
15:02 Feudal Age
19:22 Castle Age
19:46 Stone Mining
19:44 Double-Bit Axe
20:18 Bloodlines
21:29 Husbandry
23:13 Bow Saw
35:21 Wheelbarrow
35:14 Fletching
35:25 Padded Archer Armor
35:58 Horse Collar
37:26 Hand Cart
40:49 Imperial Age
39:05 Gold Mining
39:29 Bodkin Arrow
39:52 Leather Archer Armor
40:25 Ballistics
41:03 Stone Shaft Mining
40:41 Heavy Plow
45:14 Chemistry
44:20 Bracer
44:50 Ring Archer Armor
44:45 Conscription
47:04 Elite Conquistador
48:08 Supremacy
53:18 Murder Holes
53:33 Masonry
pacoyyds
6:32 Loom
20:02 Feudal Age
20:34 Double-Bit Axe
20:31 Horse Collar
25:03 Castle Age
24:22 Forging
24:17 Scale Barding Armor
26:05 Bow Saw
25:55 Heavy Plow
31:39 Gold Mining
31:41 Stone Mining
33:23 Wheelbarrow
35:00 Stone Shaft Mining
36:48 Iron Casting
36:33 Chain Barding Armor
40:06 Imperial Age
38:25 Husbandry
38:37 Bloodlines
38:56 Szlachta Privileges
39:04 Treadmill Crane
39:35 Masonry
39:36 Fortified Wall
39:44 Fortified Wall
39:45 Masonry
40:48 Cavalier
42:34 Blast Furnace
42:48 Conscription
43:59 Crop Rotation
47:10 Blast Furnace
46:02 Fletching
46:51 Hoardings
46:37 Lechitic Legacy
46:52 Hand Cart
46:25 Town Watch
47:35 Town Patrol
48:32 Light Cavalry
50:10 Winged Hussar
168kcal
5:38 Loom
13:00 Feudal Age
13:53 Double-Bit Axe
21:39 Castle Age
19:48 Gold Mining
20:06 Fletching
21:49 Horse Collar
22:02 Crossbowman
25:53 Bodkin Arrow
35:14 Wheelbarrow
38:41 Scale Mail Armor
44:28 Chain Mail Armor
44:23 Forging
44:22 Squires
48:14 Imperial Age
番茄没有酒
5:21 Loom
11:17 Double-Bit Axe
14:03 Wheelbarrow
13:16 Fishing Lines
16:34 Feudal Age
15:10 Gold Mining
20:47 Castle Age
18:55 Horse Collar
19:48 Bow Saw
20:01 Horse Collar
21:13 Heavy Plow
24:08 Two-Man Saw
23:19 Scale Barding Armor
27:45 Gold Shaft Mining
29:00 Chain Barding Armor
28:54 Forging
28:47 Husbandry
29:31 Chain Barding Armor
31:41 Cavalier
33:25 Squires
34:04 Iron Casting
34:02 Stone Mining
35:56 Town Watch
37:00 Town Watch
37:56 Hand Cart
38:49 Town Patrol
40:00 Burgundian Vineyards
49:20 Imperial Age
49:51 Stone Shaft Mining
49:00 Treadmill Crane
49:33 Masonry
49:45 Ballistics
49:22 Paladin
51:34 Conscription
51:34 Light Cavalry
52:21 Hussar
54:24 Plate Barding Armor
55:05 Blast Furnace
56:07 Hoardings
Cat
10:01 Loom
13:21 Feudal Age
13:47 Double-Bit Axe
13:44 Horse Collar
16:52 Gold Mining
24:51 Castle Age
25:33 Padded Archer Armor
25:44 Bow Saw
25:35 Heavy Plow
25:26 Town Watch
26:29 Bloodlines
26:22 Husbandry
27:17 Leather Archer Armor
31:07 Ballistics
31:00 Fortified Wall
31:50 Fletching
37:01 Wheelbarrow
37:11 Stone Mining
42:43 Imperial Age
44:07 Ring Archer Armor
43:35 Bodkin Arrow
44:00 Hand Cart
44:50 Two-Man Saw
45:40 Bracer
45:54 Forging
45:49 Scale Barding Armor
48:14 Murder Holes
50:19 Chemistry
48:56 Elite Conquistador
51:34 Scale Mail Armor
打帝国需要戴老花镜
10:20 Loom
13:05 Feudal Age
13:53 Town Watch
15:47 Horse Collar
16:28 Fletching
25:43 Castle Age
25:53 Elite Skirmisher
27:43 Wheelbarrow
36:28 Double-Bit Axe
40:55 Wheelbarrow
41:30 Bow Saw
43:39 Bodkin Arrow
48:10 Hand Cart
48:26 Padded Archer Armor
53:19 Imperial Age
54:37 Heavy Plow
Connection lost

Rejoining the realm…

Still unreachable

The connection could not be restored.

Session expired

The server has moved on; the page needs a fresh start.